 Dungeon Crawl Stone Soup version 0.24.1-5-g77f818bfca (webtiles) character file.

Game seed: 1695231543640695190, levelgen mode: deterministic

129 Descartes the Ducker (level 4, 0/22 HPs)
             Began as a Felid Monk on Apr 25, 2020.
             Slain by an orc
             ... wielding a +0 dagger
              (4 damage)
             ... on level 3 of the Dungeon.
             The game lasted 00:07:03 (2435 turns).

Descartes the Ducker (Felid Monk)                   Turns: 2435, Time: 00:07:04

Health: 0/22       AC:  1    Str:  8    XL:     4   Next: 88%
Magic:  5/6        EV: 21    Int: 12    God:
Gold:   90         SH:  0    Dex: 18    Spells: 4/5 levels left
                                        Lives:  0   Deaths: 1

rFire    . . .     SeeInvis +     - Unarmed
rCold    . . .     Gourm    .   (shield unavailable)
rNeg     . . .     Faith    .   (armour unavailable)
rPois    .         Spirit   .   (helmet unavailable)
rElec    .         Reflect  .   (cloak unavailable)
rCorr    .         Harm     .   (gloves unavailable)
MR       .....                  (boots unavailable)
Stlth    +++.......             (no amulet)
HPRegen  0.07/turn              (no ring)
MPRegen  0.10/turn              (no ring)

@: lethally poisoned (0 -> -6), very slightly contaminated, quick
A: very small, no armour, no weapons or thrown items, stealth, claws 1, fangs 3,
see invisible, carnivore, speed 1, shaggy fur 1, slow metabolism 1, sharp paws
a: no special abilities


You were on level 3 of the Dungeon.
You were not hungry.

You visited 1 branch of the dungeon, and saw 3 of its levels.

You collected 90 gold pieces.

Inventory:

Missiles
 e - 43 arrows
Wands
 i - a wand of iceblast (9)
Scrolls
 c - 2 scrolls of blinking {unknown}
 d - 4 scrolls of identify {unknown}
 h - 2 scrolls of enchant weapon {unknown}
 j - a scroll of remove curse {unknown}
 k - a scroll of enchant armour {unknown}
 l - a scroll of teleportation {unknown}
Potions
 b - a potion of curing {unknown}
 g - 2 potions of flight {unknown}
Comestibles
 a - 7 rations
 f - 2 chunks of flesh


   Skills:
 + Level 3.8 Fighting
 + Level 5.2 Dodging
 + Level 4.3 Stealth
 * Level 4.4 Unarmed Combat
 + Level 1.1 Spellcasting
 + Level 2.1 Hexes


You had 4 spell levels left.
You knew the following spells:

 Your Spells              Type           Power        Failure   Level  Hunger
a - Confusing Touch       Hex            #.....       13%         1    ##.....

Your spell library contained the following spells:

 Spells                   Type           Power        Failure   Level  Hunger
 Confuse                  Hex            #.......     36%         3    ####...
 Gell's Gravitas          Tloc           #.........   65%         3    ####...
 Petrify                  Tmut/Erth      #.......     96%         4    #####..
 Metabolic Englaciation   Hex/Ice        #.........   99%         5    ######.
 Yara's Violent Unravell  Hex/Tmut       #.........   99%         5    ######.


Dungeon Overview and Level Annotations

Branches:
Dungeon (3/15)

Altars:
Hepliaklqana
Wu Jian


Innate Abilities, Weirdness & Mutations

You cannot wear armour.
You are incapable of wielding weapons or throwing items.
Your paws allow you to move quietly. (Stealth)
You have sharp claws.
You have razor-sharp teeth.
You have supernaturally acute eyesight. (SInv)
You are carnivorous and can eat meat at any time.
You cover ground quickly.
You are covered in fur. (AC +1)
You have a slow metabolism.
Your sharp claws are effective at attacking unaware monsters.


Message History

You scratch the worm. You bite the worm, but do no damage.
The worm is moderately wounded.
You feel sick. The bat misses you. The orc completely misses you.
The dart slug misses you.
You barely miss the worm.
The worm is moderately wounded.
The bat misses you. The orc closely misses you.
The orc hits you with a +0 dagger. The worm bites you.
* * * LOW HITPOINT WARNING * * *
You are too injured to fight recklessly!
You scratch the orc. You bite the orc.
The orc is moderately wounded.
* * * LOW HITPOINT WARNING * * *
You feel sick. The bat barely misses you. The orc closely misses you. x2
The dart slug completely misses you.
You scratch the orc.
The orc is heavily wounded.
The bat closely misses you. The orc closely misses you.
The orc hits you with a +0 dagger.
You die...

##########
#......<.#
#........## #
#.........#P.
#............
#....ww....P.
#....@o...#
#....ob..##
#........#
#........#
#........#
#####.....
...##....
#.#### ...#
....####... .
.....>.... .


You could see a worm, a dart slug, 2 orcs and a bat.

Vanquished Creatures
  Sigmund (D:2)
  An adder (D:2)
  2 oozes (D:1)
  3 worms (D:2)
  3 dart slugs
  3 leopard geckos
  2 orcs (D:3)
  5 bats (D:1)
  3 giant cockroaches (D:1)
  5 goblins
  7 hobgoblins
  3 jackals (D:2)
  8 frilled lizards
  10 kobolds
  10 rats
66 creatures vanquished.

Notes
Turn   | Place    | Note
-------+----------+-------------------------------------------
     0 | D:1      | Descartes the Felid Monk began the quest for the Orb.
     0 | D:1      | Reached XP level 1. HP: 10/10 MP: 2/2
   123 | D:1      | Reached XP level 2. HP: 14/14 MP: 3/3
   582 | D:1      | Reached XP level 3. HP: 13/17 MP: 4/4
   939 | D:2      | Found an ornate altar of the Wu Jian Council.
   993 | D:2      | Learned a level 1 spell: Confusing Touch
  1332 | D:2      | Reached XP level 4. HP: 13/21 MP: 5/5
  1684 | D:2      | Noticed Sigmund
  1699 | D:2      | Killed Sigmund
  1699 | D:2      | Reached skill level 5 in Dodging
  1699 | D:2      | Reached skill level 1 in Spellcasting
  1699 | D:2      | Reached skill level 1 in Hexes
  1699 | D:2      | Reached XP level 5. HP: 16/25 MP: 5/7
  2179 | D:2      | Found a hazy altar of Hepliaklqana.
  2424 | D:3      | Slain by a quokka
  2425 | D:3      | Reached XP level 4. HP: 0/22 MP: 6/6
  2435 | D:3      | Slain by an orc

Levels and vault maps discovered:
D:1:      scummos_arrival_simple_crosswalls, layout_basic, minivault_5,
          chequers_serial_rivers_micro_a, minmay_misc_feat_five, minmay_cupped
D:2:      layout_loops_ring, lemuel_round_altar, lemuel_round_altar,
          uniq_sigmund
D:3:      layout_rooms, fedhas_altar_4, uniq_crazy_yiuf_cottage

Skill      XL: |  1  2  3  4  5 |
---------------+----------------+-----
Stealth        | 3 4 |  4.3
Dodging        | 5 |  5.2
Unarmed Combat | 4 |  4.4
Spellcasting   | 1 |  1.1
Hexes          | 1 2 |  2.1
Fighting       | |  3.8

Action                   |  1- 3 |  4- 6 || total
-------------------------+-------+-------++-------
Melee: Unarmed           |   111 |    85 ||   196
       Bite              |     6 |     9 ||    15
       Punch             |     3 |     2 ||     5
 Cast: Confusing Touch   |       |     3 ||     3
 Stab: Sleeping          |     8 |     4 ||    12
       Distracted        |     1 |       ||     1
  Eat: Chunk             |     8 |     2 ||    10
Armor: Skin              |     5 |     2 ||     7
Dodge: Dodged            |    87 |    89 ||   176
